 Dungeon Crawl Stone Soup version 0.21-a0-67-g3f13d09 (webtiles) character file.

833 KristoblXynda the Covert (level 7, 0/49 HPs)
             Began as a Vampire Assassin on June 17, 2017.
             Slain by an ice beast (1 damage)
             ... on level 4 of the Dungeon.
             The game lasted 00:15:50 (5201 turns).

KristoblXynda the Covert (Vampire Assassin)         Turns: 5201, Time: 00:15:50

Health: 0/49       AC:  5    Str: 15    XL:     7   Next: 66%
Magic:  8/8        EV: 14    Int: 16    God:
Gold:   148        SH:  0    Dex: 15    Spells: 6/6 levels left

rFire    . . .     SeeInvis +   a - +2 dagger
rCold    . . .     Gourm    .   (no shield)
rNeg     + . .     Faith    .   c - +0 robe
rPois    .         Spirit   .   (no helmet)
rElec    .         Reflect  .   d - +0 cloak
rCorr    .         Harm     .   (no gloves)
MR       .....                  h - +1 pair of boots {Fly}
Stlth    +++++.....             (no amulet)
HPRegen  0.16/turn              l - ring of stealth
MPRegen  0.11/turn              j - ring of wizardry

@: mighty, flying
A: fangs 3, see invisible, unbreathing
a: Bat Form, Stop Flying


You were on level 4 of the Dungeon.
You were not thirsty.

You visited 1 branch of the dungeon, and saw 4 of its levels.

You collected 148 gold pieces.

Inventory:

Hand Weapons
 a - a +2 dagger (weapon)
 b - a +0 blowgun
Missiles
 e - 31 poisoned needles
 f - 2 curare-tipped needles
Armour
 c - a +0 robe (worn)
 d - a +0 cloak (worn)
 h - a +1 pair of boots of flying (worn)
Jewellery
 j - a ring of wizardry (right hand)
 l - a ring of stealth (left hand)
Scrolls
 k - a scroll of recharging
Potions
 g - 23 potions of blood
 n - a potion of might


   Skills:
 - Level 1.7 Fighting
 - Level 5.1 Short Blades
 + Level 3.5 Throwing
 - Level 4.0 Dodging
 + Level 9.5 Stealth
 + Level 1.5 Evocations


You had 6 spell levels left.
You didn't know any spells.

Dungeon Overview and Level Annotations

Branches:
Dungeon (4/15)
 Temple: D:4-7

Altars:
Cheibriados
Okawaru
Trog
Yredelemnul


Innate Abilities, Weirdness & Mutations

You have razor-sharp teeth.
You have supernaturally acute eyesight. (SInv)
You can survive without breathing.


Message History

The ice beast is heavily wounded.
The ice beast hits you but does no damage.
You barely miss the ice beast.
The ice beast is heavily wounded.
The ice beast hits you.
* * * LOW HITPOINT WARNING * * *
The ice beast freezes you!
* * * LOW HITPOINT WARNING * * *
You puncture the ice beast!
The ice beast is severely wounded.
You hit the ice beast.
The ice beast is almost dead.
The ice beast completely misses you.
You closely miss the ice beast.
The ice beast is almost dead.
The ice beast hits you but does no damage.
You barely miss the ice beast.
The ice beast is almost dead.
The ice beast hits you.
You die...

....# ###.#.## #...#
#....# #...##
##รท#.# ###..# #>#(#
####.## #.#(##
...#..# #(#..###
##.##.# #(##...#
#.##.## #.(###(#
#..#..# ##@# #.#
##....## #Y###(##
###...# #..##(.#
#.#.# ##(###.#
#...## #.###.##
##...########(.....#
##..##........>####
###.....######(##
#####...s..## #..#


You could see an ice beast.

Vanquished Creatures
  Grinder (D:3)
  3 ogres (D:4)
  A howler monkey (D:4)
  4 orc priests
  Crazy Yiuf (D:2)
  Jessica (D:3)
  An iguana (D:4)
  4 adders
  An adder zombie (D:4)
  6 worms
  4 dart slugs
  2 leopard geckos
  19 orcs
  3 giant cockroaches
  6 goblins
  3 hobgoblins
  3 ball pythons
  6 bats
  6 frilled lizards
  12 kobolds
  13 rats
100 creatures vanquished.

Notes
Turn   | Place    | Note
-------+----------+-------------------------------------------
     0 | D:1      | KristoblXynda the Vampire Assassin began the quest for the Orb.
     0 | D:1      | Reached XP level 1. HP: 16/16 MP: 1/1
   132 | D:1      | Reached skill level 6 in Stealth
   167 | D:1      | Reached XP level 2. HP: 8/22 MP: 2/2
  1074 | D:2      | Found a snail-covered altar of Cheibriados.
  1096 | D:2      | Reached XP level 3. HP: 27/27 MP: 3/3
  1421 | D:2      | Found an iron altar of Okawaru.
  1896 | D:2      | Found a runed door.
  1901 | D:2      | Noticed Crazy Yiuf
  1905 | D:2      | Killed Crazy Yiuf
  1905 | D:2      | Reached XP level 4. HP: 33/33 MP: 4/4
  1958 | D:3      | Noticed Jessica
  2074 | D:3      | Killed Jessica
  2074 | D:3      | Reached skill level 7 in Stealth
  2214 | D:3      | Reached XP level 5. HP: 25/38 MP: 5/5
  2329 | D:3      | Noticed Grinder
  2861 | D:3      | Found a basalt altar of Yredelemnul.
  3591 | D:3      | Noticed a moth of wrath
  3798 | D:3      | Paralysed by Grinder for 5 turns
  3814 | D:3      | Killed Grinder
  3814 | D:3      | Reached skill level 8 in Stealth
  3814 | D:3      | Reached XP level 6. HP: 24/44 MP: 6/6
  3956 | D:3      | Found a bloodstained altar of Trog.
  4220 | D:4      | Reached XP level 7. HP: 49/49 MP: 7/7
  4261 | D:4      | Reached skill level 5 in Short Blades
  4261 | D:4      | Reached skill level 9 in Stealth
  4584 | D:4      | Reached skill level 1 in Evocations
  5197 | D:4      | HP: 1/49 [ice beast (9)]
  5201 | D:4      | Slain by an ice beast

Vault maps used:
D:1:      enne_arrival_octagon_isle, minmay_misc_feat_tiny
D:2:      nicolae_overflow_crystal_walls, okawaru_metal_pillars_1_2,
          uniq_crazy_yiuf_cottage
D:3:      lemuel_round_altar, tgw_trog, uniq_jessica, uniq_grinder

Skill      XL: |  1  2  3  4  5  6  7 |
---------------+----------------------+-----
Stealth        | 6 7 8 9 |  9.5
Dodging        | 2 3 4 |  4.0
Short Blades   | 3 4 5 |  5.1
Throwing       | 2 3 |  3.5
Evocations     | 1 |  1.5
Fighting       | |  1.7

Action                   |  1- 3 |  4- 6 |  7- 9 || total
-------------------------+-------+-------+-------++-------
Melee: Dagger            |    83 |   104 |   117 ||   304
       Bite              |     4 |     3 |    14 ||    21
 Fire: Blowgun           |     3 |    68 |    37 ||   108
 Abil: End Transformatio |       |       |     1 ||     1
       Bat Form          |       |       |     1 ||     1
  Use: Potion            |     1 |     7 |     6 ||    14
       Scroll            |       |     5 |     2 ||     7
 Stab: Sleeping          |    18 |     5 |     1 ||    24
Armor: Robe              |    23 |    18 |    20 ||    61
Dodge: Dodged            |    46 |    61 |    64 ||   171
